 Dungeon Crawl Stone Soup version 0.18-a0-1123-gbd92598 (webtiles) character file.

17553 Reinor the Devastator (level 12, 0/68 HPs)
             Began as a Tengu Conjurer on Jan 19, 2016.
             Was an Elder of Vehumet.
             Slain by Snorg (3 damage)
             ... on level 13 of the Dungeon.
             The game lasted 01:31:46 (13833 turns).

Reinor the Devastator (Tengu Conjurer)             Turns: 13833, Time: 01:31:46

Health: 0/68       AC:  6    Str:  8    XL:     12   Next: 49%
Magic:  3/23       EV: 22    Int: 21    God:    Vehumet [****..]
Gold:   783        SH:  0    Dex: 20    Spells: 8 memorised, 3 levels left

rFire  . . .     SeeInvis +     l - +7 whip of the Moth {flame, Dex+3}
rCold  . . .     Gourm    .     o - +2 robe {MR+}
rNeg   . . .     Faith    .     (no shield)
rPois  .         Spirit   .     (helmet restricted)
rElec  .         Dismiss  .     r - +0 cloak
rCorr  +         Reflect  .     x - +0 pair of gloves
SustAt .         Harm     +     (boots unavailable)
MR     +....     Rnd*Tele +     F - amulet of harm
Stlth  +++.......               e - ring of resist corrosion
                                n - +2 ring of intelligence

@: somewhat resistant to hostile enchantments, fairly stealthy
A: beak, talons 3, see invisible, teleportitis 1, able to fly 1
a: Fly, Renounce Religion


You were on level 13 of the Dungeon.
You worshipped Vehumet.
Vehumet was greatly pleased with you.
You were hungry.

You visited 2 branches of the dungeon, and saw 14 of its levels.
You also visited: Sewer.

You collected 783 gold pieces.

Inventory:

Hand Weapons
 k - a +0 quarterstaff
 l - the +7 whip of the Moth (weapon) {flame, Dex+3}
   (You found it on level 5 of the Dungeon)

   It has been specially enchanted to burn those struck by it, causing extra
   injury to most foes and up to half again as much damage against particularly
   susceptible opponents.
   It affects your dexterity (+3).
 N - the +4 shortbow "Orb Guardian's Peril" {flame, +Blink}
   (You found it on level 10 of the Dungeon)

   It causes projectiles fired from it to burn those they strike, causing extra
   injury to most foes and up to half again as much damage against particularly
   susceptible opponents.
   It lets you blink.
Armour
 o - a +2 robe of magic resistance (worn)
 r - a +0 cloak (worn)
 v - a +0 shield
 x - a +0 pair of gloves (worn)
 J - the +1 robe "Foeppiss" {Int+4}
   (You found it on level 10 of the Dungeon)

   It affects your intelligence (+4).
Jewellery
 e - a ring of resist corrosion (right hand)
 n - a +2 ring of intelligence (left hand)
 s - an uncursed ring of teleportation
 F - an amulet of harm (around neck)
Wands
 a - a wand of paralysis (21/24)
Scrolls
 m - 4 scrolls of recharging
 q - a scroll of immolation
 u - 2 scrolls of enchant armour
 y - 4 scrolls of fog
 C - 4 scrolls of magic mapping
 D - 3 scrolls of remove curse
 K - a scroll of vulnerability {unknown}
 L - a scroll of identify
 M - 2 scrolls of teleportation {unknown}
 Q - a scroll of amnesia
Potions
 f - a potion of cancellation
 g - 3 potions of haste
 h - 6 potions of curing
 i - 7 potions of heal wounds
 p - a potion of cure mutation
 t - a potion of magic
 z - 2 potions of agility
 E - 2 potions of brilliance
 G - 2 potions of might
 H - a potion of berserk rage
 I - a potion of flight
Books
 b - a book of Conjurations

   Spells                             Type                      Level
   a - Magic Dart                     Conjuration                  1
   b - Searing Ray                    Conjuration                  2
   c - Dazzling Spray                 Conjuration/Hexes            3
   d - Fulminant Prism                Conjuration/Hexes            4
   e - Iskenderun's Mystic Blast      Conjuration                  4
   f - Iskenderun's Battlesphere      Conjuration/Charms           5
 w - a book of Flames

   Spells                             Type                      Level
   a - Flame Tongue                   Conjuration/Fire             1
   b - Throw Flame                    Conjuration/Fire             2
   c - Conjure Flame                  Conjuration/Fire             3
   d - Inner Flame                    Hexes/Fire                   3
   e - Sticky Flame                   Conjuration/Fire             4
   f - Fireball                       Conjuration/Fire             5
Comestibles
 c - 10 bread rations
 d - 6 slices of pizza
 j - 9 meat rations
 A - 5 fruits
 B - 11 beef jerkies
 O - a chunk of flesh


   Skills:
 - Level 5.0 Fighting
 - Level 2.2 Maces & Flails
 - Level 11.1 Dodging
 - Level 5.0 Stealth
 - Level 7.0 Spellcasting
 - Level 15.0 Conjurations
 - Level 6.3 Charms
 - Level 3.0 Fire Magic
 + Level 2.9 Air Magic


You had 3 spell levels left.
You knew the following spells:

 Your Spells              Type           Power        Failure   Level  Hunger
a - Shock                 Conj/Air       ####         1%          1    None
b - Searing Ray           Conj           ######       1%          2    None
c - Dazzling Spray        Conj/Hex       #####...     1%          3    #......
d - Iskenderun's Mystic   Conj           ######..     1%          4    ###....
e - Throw Flame           Conj/Fire      #####.       1%          2    None
f - Iskenderun's Battles  Conj/Chrm      ######..     1%          5    #####..
g - Sting                 Conj/Pois      ####         1%          1    None
h - Airstrike             Air            ###.......   8%          4    ###....


Dungeon Overview and Level Annotations

Branches:
Dungeon (13/15)            Temple (1/1) D:7            Lair (0/8) D:10
    Orc (0/2) D:12
 Vaults: D:13-14

Altars:
Ashenzari
Cheibriados
Dithmenos
Elyvilon
Fedhas
Gozag
Kikubaaqudgha
Makhleb
Nemelex Xobeh
Okawaru
Pakellas
Qazlal
Ru
Trog
Vehumet
Xom
Yredelemnul
Zin
The Shining One

Shops:
D:2 *   D:12 *   D:13 [

Annotations:
D:13 Snorg


Innate Abilities, Weirdness & Mutations

You have a beak for a mouth.
You have claws for feet.
You can fly.
You have supernaturally acute eyesight.
You are occasionally teleported next to monsters.


Message History

Okay, then.
Drink which item? (? for menu, Esc to quit)
You feel much better. Snorg bites you! Snorg closely misses you.
Snorg claws you!
Okay, then.
Casting: Dazzling Spray
Confirm with . or Enter, or press ? or * to list all spells.
You conjure a globe of magical energy.
Snorg misses you. Snorg completely misses you. Snorg claws you.
* * * LOW HITPOINT WARNING * * *
Snorg completely misses you. Snorg claws you!
* * * LOW HITPOINT WARNING * * *
Snorg closely misses you.
Snorg is no longer blind.
Snorg misses you. x2
Snorg completely misses you.
Snorg rages.
Snorg closely misses you. Snorg misses you. Snorg completely misses you.
Snorg completely misses you. Snorg claws you.
* * * LOW HITPOINT WARNING * * *
Snorg claws you.
You die...

#################
#.@T*...........#
#.#############.#
#.# .# #.# .. #.#
.T# #.# ..# #.#
..# #.# ..#
###### #.#


You could see Snorg (berserk) and a friendly battlesphere.

Vanquished Creatures
  Maud (D:12)
  2 hydras
  The ghost of Duffy the Jinx, a novice SpEn of Ru (D:10)
  3 hill giants
  An unseen horror (D:12)
  4 ugly things
  2 centaur zombies
  Maurice (D:10)
  2 two-headed ogres
  Sigmund (D:5)
  8 yaks
  A wraith (D:11)
  2 wyverns
  A shadow (D:11)
  The ghost of Reinor the Ruffian, an amateur DrMo (D:4)
  A hippogriff (D:10)
  A steam dragon (D:12)
  3 hungry ghosts
  Menkaure (D:7)
  2 water moccasins
  A swamp drake (D:12)
  4 orc warriors
  2 black bears (D:10)
  2 ice beasts
  5 sky beasts
  A phantom (D:5)
  A wasp (D:13)
  A necrophage (D:7)
  5 ogres
  5 centaurs
  A crocodile (D:12)
  Blork the orc (D:5)
  8 giant frogs
  12 big kobolds
  A wyvern zombie (D:12)
  A water moccasin zombie (D:8)
  A scorpion (D:4)
  A water moccasin skeleton (D:9)
  14 wights
  6 jellies
  6 crimson imps
  2 giant frog zombies
  2 quasits
  7 hounds
  10 orc priests
  The ghost of MrRokkomies the Sneak, a weakling FeEn (D:3)
  2 centaur skeletons
  5 orc wizards
  Ijyb (D:3)
  5 iguanas
  8 worker ants
  A worker ant zombie (D:5)
  4 gnolls (D:3)
  17 adders
  3 shadow imps
  3 oozes
  3 adder skeletons
  A worm (D:5)
  9 giant geckos
  47 orcs
  7 giant cockroaches
  5 hobgoblins
  11 jackals
  27 kobolds
  6 quokkas
  7 ball pythons
  5 bats
  9 giant newts
  10 goblins
  A quokka skeleton (D:6)
  9 rats
  5 plants (Sewer)
351 creatures vanquished.

Vanquished Creatures (others)
  An ugly thing (D:12)
  A troll (D:12)
  A big kobold (D:12)
  An orc (D:12)
  3 kobolds (D:12)
7 creatures vanquished.

Grand Total: 358 creatures vanquished

Notes
Turn   | Place    | Note
--------------------------------------------------------------
     0 | D:1      | Reinor the Tengu Conjurer began the quest for the Orb.
     0 | D:1      | Reached XP level 1. HP: 10/10 MP: 4/4
   105 | D:1      | Reached XP level 2. HP: 15/15 MP: 3/6
   111 | D:1      | Learned a level 2 spell: Searing Ray
   167 | D:1      | Reached skill level 6 in Conjurations
   593 | D:1      | Reached XP level 3. HP: 19/19 MP: 5/7
   598 | D:1      | Learned a level 3 spell: Dazzling Spray
   820 | D:2      | Found Zin's Purification Station.
   823 | D:2      | Found a glowing silver altar of Zin.
   960 | D:2      | Reached skill level 7 in Conjurations
  1058 | D:2      | Found a white marble altar of Elyvilon.
  1511 | D:2      | Reached XP level 4. HP: 24/24 MP: 5/8
  1633 | D:3      | Noticed Ijyb
  1653 | D:3      | Killed Ijyb
  1740 | D:3      | Noticed MrRokkomies's ghost (weakling FeEn)
  1749 | D:3      | Killed MrRokkomies's ghost
  1749 | D:3      | Reached skill level 8 in Conjurations
  1827 | D:3      | Gained mutation: You can fly. [Tengu growth]
  1827 | D:3      | Reached XP level 5. HP: 28/28 MP: 5/9
  2100 | D:3      | Reached XP level 6. HP: 27/32 MP: 4/11
  2791 | D:4      | Found a blossoming altar of Fedhas.
  2992 | D:4      | Noticed Reinor's ghost (amateur DrMo)
  3000 | D:4      | Learned a level 4 spell: Iskenderun's Mystic Blast
  3075 | D:4      | Killed Reinor's ghost
  3075 | D:4      | Reached skill level 5 in Dodging
  3075 | D:4      | Reached XP level 7. HP: 25/36 MP: 0/12
  3260 | D:4      | Found a burning altar of Makhleb.
  3467 | D:4      | Found a glowing golden altar of the Shining One.
  3874 | D:5      | Entered Level 5 of the Dungeon
  3891 | D:5      | Noticed Blork the orc
  4250 | D:5      | Reached skill level 9 in Conjurations
  4354 | D:5      | Got an ancient whip
  4359 | D:5      | Identified the +7 whip of the Moth {flame, Dex+3} (You found it on level 5 of the Dungeon)
  4388 | D:5      | Noticed Sigmund
  4397 | D:5      | Killed Sigmund
  4397 | D:5      | Reached XP level 8. HP: 27/41 MP: 6/13
  4475 | D:5      | Found a snail-covered altar of Cheibriados.
  4477 | D:5      | Found an iron altar of Okawaru.
  4499 | D:5      | Reached skill level 10 in Conjurations
  4501 | D:5      | Found a shattered altar of Ashenzari.
  4647 | D:5      | Killed Blork the orc
  4647 | D:5      | Reached skill level 1 in Fighting
  4877 | D:5      | Learned a level 2 spell: Throw Flame
  5342 | D:6      | Found an opulent altar of Gozag.
  5425 | D:6      | Gained mutation: Your mind is acute. (Int +2) [mutagenic meat]
  5426 | D:6      | Gained mutation: You expend magic power (3 MP) to strengthen your wands. [mutagenic meat]
  5427 | D:6      | Gained mutation: You evolve. [mutagenic meat]
  5428 | D:6      | Gained mutation: Armour fits poorly on your strangely shaped body. [mutagenic meat]
  5429 | D:6      | Gained mutation: Your natural rate of healing is unusually fast. [mutagenic meat]
  5430 | D:6      | Lost mutation: Armour fits poorly on your strangely shaped body. [mutagenic meat]
  5608 | D:6      | Found a shadowy altar of Dithmenos.
  5657 | D:6      | Found a glowing drain.
  5684 | Sewer    | Entered a sewer
  6530 | D:6      | Reached skill level 11 in Conjurations
  6548 | D:6      | Reached XP level 9. HP: 18/49 MP: 3/15
  6651 | D:6      | Gained mutation: Your spells are a little harder to cast, but a little more powerful. [evolution]
  7126 | D:7      | Learned a level 5 spell: Iskenderun's Battlesphere
  7135 | D:7      | Noticed Menkaure
  7303 | D:7      | Reached skill level 5 in Spellcasting
  7585 | D:7      | Found a staircase to the Ecumenical Temple.
  7719 | D:7      | Killed Menkaure
  7741 | D:7      | Reached skill level 5 in Stealth
  7752 | Temple   | Entered the Ecumenical Temple
  7785 | Temple   | Became a worshipper of Vehumet
  7944 | D:7      | Found a basalt altar of Yredelemnul.
  8075 | D:7      | Gained mutation: You possess an exceptional clarity of mind. [evolution]
  8279 | D:8      | Found a shimmering altar of Xom.
  8361 | D:8      | Found an oddly glowing altar of Pakellas.
  8377 | D:8      | Reached skill level 12 in Conjurations
  8639 | D:8      | Reached XP level 10. HP: 54/54 MP: 13/18
  8644 | D:8      | Reached skill level 13 in Conjurations
  8737 | D:8      | Reached * piety under Vehumet
  8737 | D:8      | Offered knowledge of Sting by Vehumet.
  8740 | D:8      | Learned a level 1 spell: Sting
  9259 | D:9      | Lost mutation: You expend magic power (3 MP) to strengthen your wands. [evolution]
  9261 | D:9      | Reached skill level 1 in Charms
 10049 | D:10     | Entered Level 10 of the Dungeon
 10124 | D:10     | Got a steaming robe
 10135 | D:10     | Identified the +1 robe "Foeppiss" {Int+4} (You found it on level 10 of the Dungeon)
 10237 | D:10     | Reached ** piety under Vehumet
 10237 | D:10     | Offered knowledge of Shock by Vehumet.
 10240 | D:10     | Learned a level 1 spell: Shock
 10277 | D:10     | Noticed Duffy's ghost (novice SpEn)
 10282 | D:10     | Killed Duffy's ghost
 10282 | D:10     | Reached skill level 5 in Charms
 10355 | D:10     | Reached XP level 11. HP: 47/58 MP: 3/19
 10534 | D:10     | Noticed Maurice
 10540 | D:10     | Killed Maurice
 10541 | D:10     | Found a staircase to the Lair.
 10735 | D:10     | Got a warped shortbow
 10736 | D:10     | Identified the +4 shortbow "Orb Guardian's Peril" {flame, +Blink} (You found it on level 10 of the Dungeon)
 10755 | D:10     | Lost mutation: You evolve. [evolution]
 10843 | D:10     | Reached skill level 14 in Conjurations
 11321 | D:11     | Noticed a hill giant
 11417 | D:11     | Killed a hill giant
 11417 | D:11     | Reached skill level 5 in Fighting
 11507 | D:11     | Noticed a hill giant
 11527 | D:11     | Offered knowledge of Throw Frost by Vehumet.
 11709 | D:11     | Killed a hill giant
 11789 | D:11     | Reached *** piety under Vehumet
 11958 | D:11     | Noticed a red ugly thing
 11994 | D:11     | Killed a red ugly thing
 12235 | D:12     | Killed a purple ugly thing
 12317 | D:12     | Noticed Maud
 12323 | D:12     | Killed Maud
 12465 | D:12     | Noticed a six-headed hydra
 12511 | D:12     | Killed a six-headed hydra
 12511 | D:12     | Reached XP level 12. HP: 68/68 MP: 10/23
 12523 | D:12     | Offered knowledge of Olgreb's Toxic Radiance by Vehumet.
 12563 | D:12     | Found Ynuets's Assorted Antiques.
 12579 | D:12     | Lost mutation: You possess an exceptional clarity of mind. [potion of cure mutation]
 12579 | D:12     | Lost mutation: Your mind is acute. (Int +2) [potion of cure mutation]
 12579 | D:12     | Lost mutation: Your spells are a little harder to cast, but a little more powerful. [potion of cure mutation]
 12579 | D:12     | Lost mutation: Your natural rate of healing is unusually fast. [potion of cure mutation]
 12580 | D:12     | Gained mutation: You have supernaturally acute eyesight. [potion of beneficial mutation]
 12638 | D:12     | Gained mutation: Your magical capacity is low (-10% MP). [mutagenic meat]
 12639 | D:12     | Gained mutation: You have a pair of small antennae on your head. [mutagenic meat]
 12640 | D:12     | Gained mutation: You are occasionally teleported next to monsters. [mutagenic meat]
 12641 | D:12     | Gained mutation: You tend to lose your temper in combat. [mutagenic meat]
 12642 | D:12     | Gained mutation: Your body sometimes deteriorates upon taking damage. [mutagenic meat]
 12643 | D:12     | Lost mutation: Your body sometimes deteriorates upon taking damage. [potion of cure mutation]
 12643 | D:12     | Lost mutation: You have a pair of small antennae on your head. [potion of cure mutation]
 12643 | D:12     | Lost mutation: Your magical capacity is low (-10% MP). [potion of cure mutation]
 12643 | D:12     | Lost mutation: You tend to lose your temper in combat. [potion of cure mutation]
 12678 | D:12     | Reached skill level 15 in Conjurations
 12800 | D:12     | Found a staircase to the Orcish Mines.
 12829 | D:12     | Reached skill level 10 in Dodging
 13061 | D:12     | Reached **** piety under Vehumet
 13476 | D:12     | Offered knowledge of Airstrike by Vehumet.
 13482 | D:12     | Learned a level 4 spell: Airstrike
 13668 | D:13     | Noticed a six-headed hydra
 13689 | D:13     | Killed a six-headed hydra
 13747 | D:13     | Found Juojoc's Antique Armour Boutique.
 13756 | D:13     | Reached skill level 1 in Maces & Flails
 13812 | D:13     | Noticed Snorg
 13833 | D:13     | HP: 3/68 [Snorg (3)]
 13833 | D:13     | Slain by Snorg

Vault maps used:
D:1:      lemuel_arrival_behind_the_door_large
D:2:      lemuel_doored_altar, zin_purify
D:3:      first_bread, uniq_iyjb
D:4:      kennysheep_little_box, marbit_many_paths, overflow_temple_1_default
D:5:      grunt_temple_overflow_open, uniq_blork_the_orc, uniq_sigmund
D:6:      wad_woods_pond, grunt_dithmenos_smoke_and_mirrors,
          gup_sewer_entry_glass, nicolae_gozag_cash_rules_everything_around_me
D:7:      nicolae_overflow_hidden_temple, temple_doors_e, grunt_ogre_cave,
          uniq_menkaure
D:8:      xom_teletrap_fun, grunt_pakellas_basics, special_room,
          kennysheep_potato
D:9:      hangedman_abyss_or_decor_stabs
D:10:     dpeg_oklobed_lair, kennysheep_dice, uniq_maurice
D:12:     erik_orc_1, serial_shops, shop_statue, lemuel_flamethrower_2,
          uniq_maud
D:13:     grunt_vaults_entry_tiered, serial_shops, shop, shop,
          kennysheep_mini_moat, shop, uniq_snorg
Temple:   cyrus_temple_forest_13
Sewer:    sewer_co_scattered_pipes

Action                   |  1- 3 |  4- 6 |  7- 9 | 10-12 || total
-------------------------+-------+-------+-------+-------++-------
Melee: Unarmed           |       |     4 |       |       ||     4
       Hand axe          |       |    18 |    18 |       ||    36
       Whip              |       |       |   148 |    96 ||   244
 Cast: Magic Dart        |    73 |    90 |   160 |    29 ||   352
       Searing Ray       |       |     3 |    25 |    37 ||    65
       Iskenderun's Myst |       |     3 |    13 |    14 ||    30
       Dazzling Spray    |       |     2 |    11 |    10 ||    23
       Throw Flame       |       |       |     3 |   146 ||   149
       Sting             |       |       |       |    33 ||    33
       Iskenderun's Batt |       |       |       |    22 ||    22
       Shock             |       |       |       |     1 ||     1
       Airstrike         |       |       |       |     1 ||     1
 Abil: Fly               |       |       |    11 |     3 ||    14
  Use: Scroll            |     5 |     3 |    14 |     6 ||    28
       Potion            |       |       |       |     5 ||     5
 Stab: Sleeping          |       |       |     4 |       ||     4
       Invisible         |       |       |     2 |       ||     2
  Eat: Chunk             |     3 |     5 |    27 |    26 ||    61
       Fruit             |       |       |     3 |     2 ||     5
       Pizza             |       |       |     1 |       ||     1
